 Dungeon Crawl Stone Soup version 0.26.1 (webtiles) character file.

Game seed: 7964116652039729142

105007 Absolem the Warrior (level 16, -1/149 HPs)
             Began as a Gnoll Wanderer on Feb 4, 2021.
             Was a High Priest of Ashenzari.
             Killed from afar by a nagaraja (33 damage)
             ... with a bolt of poison
             ... on level 4 of the Snake Pit.
             The game lasted 02:31:59 (59628 turns).

Absolem the Warrior (Gnoll Wanderer)               Turns: 59628, Time: 02:32:00

Health: -1/149     AC: 14    Str: 19    XL:     16   Next: 40%
Magic:  8/30       EV: 18    Int: 30    God:    Ashenzari [*****.]
Gold:   171        SH: 13    Dex: 13    Spells: 5/36 levels left

rFire    . . .     SeeInvis +   X - +2 war axe (venom)
rCold    + . .     Faith    .   A - +1 kite shield {rC+}
rNeg     . . .     Spirit   .   O - +0 steam dragon scales
rPois    .         Reflect  .   S - +2 helmet {Int+3} (curse)
rElec    .         Harm     .   n - scarf {+Inv}
rCorr    .         Rampage  .   N - +2 pair of gloves {archery}
Will     +....     Clarity  +   (no boots)
Stlth    +++++.....             (no amulet)
HPRegen  0.34/turn              R - ring of wizardry (curse)
MPRegen  0.22/turn              y - +6 ring of intelligence (curse)

@: lethally poisoned (-1 -> -50)
A: distributed training, fangs 1, clever 1, robust 1, wild magic 1, no potion
heal 1, strong nose
a: Renounce Religion, Evoke Invisibility, Curse Item, Scrying


You were on level 4 of the Snake Pit.
You worshipped Ashenzari.
Ashenzari was extremely pleased with you.
You visited 5 branches of the dungeon, and saw 26 of its levels.
You also visited: Bailey.

You collected 2561 gold pieces.
You spent 2390 gold pieces at shops.

Inventory:

Hand Weapons
 X - a +2 war axe of venom (weapon)
Missiles
 h - 32 boomerangs
 j - 6 throwing nets
 r - 433 arrows
 x - 75 poisoned darts (quivered)
 B - 494 bolts
 M - 6 javelins
Armour
 n - a scarf of invisibility (worn)
 A - a +1 kite shield of cold resistance (worn)
 N - a +2 pair of gloves of archery (worn)
 O - +0 steam dragon scales (worn)
 P - a +0 pair of gloves
 S - a cursed +2 helmet of intelligence (worn)
Jewellery
 y - a cursed +6 ring of intelligence (right hand)
 D - an uncursed ring of protection from cold
 Q - an uncursed amulet of magic regeneration
 R - a cursed ring of wizardry (left hand)
Wands
 a - a wand of paralysis (12)
 d - a wand of polymorph (13)
 m - a wand of disintegration (8)
 u - a wand of digging (13)
 E - a wand of iceblast (18)
 K - a wand of acid (24)
Scrolls
 c - 5 scrolls of teleportation
 e - 7 scrolls of enchant armour
 g - a scroll of torment
 i - 13 scrolls of remove curse {@r2}
 p - 2 scrolls of holy word
 q - a scroll of vulnerability {unknown}
 s - 3 scrolls of immolation
 t - a scroll of summoning
 v - 4 scrolls of blinking
 z - 6 scrolls of fear
 C - a scroll of random uselessness {unknown}
 G - 2 scrolls of amnesia
 I - 6 scrolls of enchant weapon
 L - 2 scrolls of fog
 T - a scroll of brand weapon {unknown}
 Z - 2 scrolls of magic mapping
Potions
 b - 6 potions of lignification
 f - 2 potions of resistance
 k - a potion of cancellation
 l - a potion of magic
 o - 7 potions of curing {@q1}
 w - 3 potions of haste
 F - 2 potions of berserk rage
 H - a potion of heal wounds {@q2}
 U - a potion of brilliance
 V - 2 potions of might
 W - 12 potions of ambrosia
 Y - 2 potions of flight
Miscellaneous
 J - a box of beasts


   Skills:
 + Level 15.4 Fighting
 + Level 10.8 Short Blades
 + Level 10.8 Long Blades
 + Level 10.8 Axes
 + Level 10.8 Maces & Flails
 + Level 10.8 Polearms
 + Level 11.1 Staves
 + Level 10.8 Slings
 + Level 10.8 Bows
 + Level 10.8 Crossbows
 + Level 10.8 Throwing
 + Level 10.8 Armour
 + Level 10.8 Dodging
 + Level 11.0 Stealth
 + Level 11.1 Shields
 + Level 10.8 Unarmed Combat
 + Level 10.8 Spellcasting
 + Level 9.1(11.7) Conjurations
 + Level 9.1(11.7) Hexes
 + Level 9.1(11.7) Summonings
 + Level 9.1(11.7) Necromancy
 + Level 9.1(11.7) Translocations
 + Level 9.1(11.7) Transmutations
 + Level 9.1(11.7) Fire Magic
 + Level 9.1(11.7) Ice Magic
 + Level 9.1(11.7) Air Magic
 + Level 9.1(11.7) Earth Magic
 + Level 9.1(11.7) Poison Magic
 + Level 11.6 Invocations
 + Level 11.1(13.4) Evocations


You had 5 spell levels left.
You knew the following spells:

 Your Spells              Type           Power        Failure   Level
a - Orb of Destruction    Conj           42%          21%         7
b - Statue Form           Tmut/Erth      56%          4%          6
c - Summon Guardian Gole  Hex/Summ       84%          1%          3
d - Summon Ice Beast      Ice/Summ       84%          1%          4
e - Summon Lightning Spi  Summ/Air       84%          1%          4
f - Mephitic Cloud        Conj/Pois/Air  84%          1%          3
g - Call Canine Familiar  Summ           84%          1%          3
h - Sting                 Tmut/Pois      100%         1%          1

Your spell library contained the following spells:

 Spells                   Type           Power        Failure   Level
 Magic Dart               Conj           100%         1%          1
 Summon Small Mammal      Summ           100%         1%          1
 Call Imp                 Summ           84%          1%          2
 Poisonous Vapours        Pois/Air       100%         1%          2
 Searing Ray              Conj           100%         1%          2
 Confusing Touch          Hex            84%          1%          3
 Gell's Gravitas          Tloc           42%          1%          3
 Ignite Poison            Fire/Tmut/Pois 84%          1%          3
 Animate Dead             Necr           42%          1%          4
 Olgreb's Toxic Radiance  Pois           84%          1%          4
 Petrify                  Tmut/Erth      84%          1%          4
 Bolt of Magma            Conj/Fire/Erth 42%          1%          5
 Borgnjor's Vile Clutch   Necr/Erth      42%          1%          5
 Fireball                 Conj/Fire      42%          1%          5
 Irradiate                Conj/Tmut      42%          1%          5
 Iskenderun's Battlesphe  Conj           84%          1%          5
 Metabolic Englaciation   Hex/Ice        42%          1%          5
 Silence                  Hex/Air        42%          1%          5
 Yara's Violent Unravell  Hex/Tmut       42%          1%          5
 Conjure Ball Lightning   Conj/Air       42%          4%          6
 Death Channel            Necr           42%          4%          6
 Hydra Form               Tmut           42%          4%          6
 Iron Shot                Conj/Erth      42%          4%          6
 Simulacrum               Ice/Necr       42%          4%          6
 Starburst                Conj/Fire      42%          4%          6
 Dragon Form              Tmut           42%          21%         7
 Spellforged Servitor     Conj/Summ      42%          21%         7
 Ignition                 Fire           42%          77%         8
 Tornado                  Air            42%          100%        9


Dungeon Overview and Level Annotations

Branches:
Dungeon (13/15)            Temple (1/1) D:5            Lair (6/6) D:10
 Shoals (0/4) Lair:4        Snake (4/4) Lair:3        Slime (0/5) Lair:6
    Orc (2/2) D:9             Elf (0/3) Orc:2        Bailey (visited)
 Vaults: D:13-14

Altars:
Ashenzari
Cheibriados
Dithmenos
Elyvilon
Fedhas
Gozag
Hepliaklqana
Kikubaaqudgha
Makhleb
Nemelex Xobeh
Okawaru
Qazlal
Ru
Sif Muna
Trog
Uskayaw
Vehumet
Wu Jian
Xom
Yredelemnul
Zin
The Shining One
Beogh
Jiyva

Shops:
D:4 ?   D:9 [   Orc:2 *(*:   Snake:4 ?

Annotations:
D:3 1 runed translucent door, Crazy Yiuf, Sigmund
D:6 2 transporters, 1 exclusion, DungeonDestroyer's ghost, novice GnFi; Menkaure
Lair:5 lasso's ghost, journeyman GrEE
Lair:6 1 runed translucent door, lasso's ghost, journeyman DECj
Snake:1 1 transporter


Innate Abilities, Weirdness & Mutations

Your experience applies equally to all skills.
You have very sharp teeth.
Your uncanny sense of smell can sniff out nearby items.
Your mind is acute. (Int +2)
You are robust. (+10% HP)
Your spells are a little harder to cast, but a little more powerful.
Potions are less effective at restoring your health.


Message History

You feel sick.
The nagaraja hits you from afar with a +0 spear!
Your ice beast hits the nagaraja but does no damage.
The nagaraja spits poison at you. The splash of poison misses you.
The splash of poison hits your ice beast.
The nagaraja points at you and mumbles some strange words.
The bolt of poison hits your guardian golem.
Your guardian golem completely resists.
The bolt of poison hits you!
You are more poisoned.
Your ice beast hits the nagaraja but does no damage.
You feel sick. The nagaraja casts a spell at you.
You feel strangely unstable.
Your ice beast closely misses the nagaraja.
Your ice beast barely misses the nagaraja.
Your lightning spire shoots out a bolt of lightning at the nagaraja!
The bolt of electricity hits your guardian golem.
Your guardian golem resists.
The bolt of electricity hits the nagaraja!
You feel sick.
The nagaraja gestures at you while chanting.
The poison arrow hits your ice beast!!
Your ice beast partially resists.
Your ice beast is poisoned.
Your ice beast hits the nagaraja but does no damage.
Your lightning spire shoots out a bolt of lightning at the nagaraja!
The bolt of electricity hits the nagaraja!!
You feel sick.
Your ice beast hits the nagaraja but does no damage.
The nagaraja spits poison at you. The splash of poison hits you!
You are more poisoned.
* * * LOW HITPOINT WARNING * * *
The nagaraja spits poison at you. The splash of poison hits you.
You are more poisoned.
* * * LOW HITPOINT WARNING * * *
Your lightning spire shoots out a bolt of lightning at the nagaraja!
The bolt of electricity hits the nagaraja!!
Your ice beast closely misses the nagaraja.
As you read the scroll of teleportation, it crumbles to dust.
You feel strangely stable.
You feel very sick.
Your ice beast hits the nagaraja but does no damage.
Your ice beast closely misses the nagaraja.
The nagaraja casts a spell at you. The bolt of poison hits you!!
You are lethally poisoned!
You die...

, .................# . * ,
.................#.. ,* ,
,,....#.............# , , *
,,..........).......#*,{* * ,
..............8...#. , ,, ,
..........YY.......# * ,,,
.......)..N8Y....... * ## ,, ,
#....#)....N..#....,, #. ,,
,.#.....@.......... * #. , ,∆
##....⌠...###..... ##. , ,
##..#.)......##...., #.. , ,
,#.............##... * #.. ,,,
,∆ #....#)....#..# ... #.. , ,
,#.............#, , #.. **,
#.....).).)...# ,** #..
****#...).)..)....# ** #..
*########)).##..)############.#


You could see 2 nagarajas, a friendly guardian golem (summoned), 3 friendly ice
beasts and a friendly lightning spire (summoned, sheltered).

Vanquished Creatures
  Aizul (Snake:2)
  An entropy weaver (Lair:6)
  A hydra (Lair:1)
  3 naga warriors
  2 boulder beetles
  A death yak (D:9)
  An anaconda (Snake:2)
  A queen ant (Lair:6)
  3 shock serpents
  4 naga sharpshooters
  5 orc knights
  5 mana vipers
  An elephant (Lair:6)
  An orc sorcerer (Orc:2)
  2 salamanders
  A merfolk siren (Lair:4)
  2 centaur zombies
  2 torpor snails
  A guardian serpent (Snake:2)
  5 naga magi
  8 black mambas
  9 cane toads
  A rime drake (Lair:6)
  Maggie (D:8)
  10 komodo dragons
  2 hornets (Lair:6)
  2 polar bears (Lair:6)
  4 blink frogs (Lair:1)
  7 wyverns
  A wraith (D:12)
  41 yaks
  2 basilisks
  27 nagas
  6 soldier ants (Lair:6)
  12 water moccasins
  2 ice beasts
  7 orc warriors
  2 phantoms
  5 black bears
  2 ogres
  A sky beast (D:11)
  A necrophage (D:11)
  7 wolves
  4 centaurs
  6 big kobolds
  16 bullfrogs
  A wyvern zombie (D:11)
  A gnoll sergeant (D:8)
  4 scorpions
  9 wights
  12 killer bees
  A howler monkey (D:9)
  9 hounds
  6 jellies
  A quasit (D:8)
  3 centaur skeletons
  2 bullfrog skeletons (D:5)
  3 bullfrog zombies
  10 orc priests
  17 orc wizards
  Natasha (thrice) (D:2)
  3 iguanas
  17 worker ants
  A hell rat (D:10)
  A hound zombie (D:8)
  5 hound skeletons
  A worker ant zombie (D:9)
  12 adders
  6 gnolls (D:8)
  5 shadow imps
  3 white imps
  4 ufetubi
  An ooze (D:2)
  3 worms
  A dart slug (D:3)
  3 leopard geckos
  47 orcs
  7 giant cockroaches
  11 goblins
  6 hobgoblins
  15 jackals
  5 quokkas
  9 bats
  4 frilled lizards
  A jackal skeleton (D:6)
  35 kobolds
  A leopard gecko zombie (D:8)
  6 rats
524 creatures vanquished.

Vanquished Creatures (collateral kills)
  Rupert (Lair:5)
  8 nagarajas
  The ghost of astronautguy the Pandemonic, a journeyman GrMo of Makhleb (Orc:1)
  An entropy weaver (Lair:6)
  14 naga warriors
  4 anacondas
  9 hydras
  A merfolk avatar (Lair:6)
  3 catoblepae
  2 two-headed ogres
  3 death yaks
  Urug (Lair:5)
  16 naga sharpshooters
  4 shock serpents
  3 orc high priests (Orc:2)
  3 salamander mystics
  A sea snake (Lair:6)
  3 naga ritualists
  6 mana vipers
  3 orc knights
  A deep elf mage (D:12)
  A cyclops (Orc:2)
  2 manticores (Lair:6)
  4 orc sorcerers (Orc:2)
  8 salamanders
  16 black mambas
  A merfolk siren (Lair:4)
  An elephant (Lair:6)
  26 naga magi
  2 centaur skeletons (D:12)
  4 guardian serpents
  2 rime drakes (Lair:6)
  8 cane toads
  3 komodo dragons (Lair:6)
  2 merfolk (Lair:4)
  A queen bee (Orc:1)
  2 wind drakes (Lair:6)
  2 polar bears
  A troll (Orc:2)
  11 dream sheep
  4 blink frogs
  A vampire (D:9)
  A basilisk (Lair:4)
  6 yaks
  A steam dragon (D:10)
  A warg (Orc:2)
  46 nagas
  2 soldier ants (Lair:6)
  11 water moccasins
  2 black bears (Lair:1)
  12 orc warriors
  6 ogres
  A bullfrog (Lair:4)
  A wight (D:9)
  14 killer bees
  A howler monkey (D:12)
  A jelly (D:10)
  9 orc priests
  10 orc wizards
  10 worker ants (Lair:6)
  A hound zombie (D:11)
  19 orcs
  A hobgoblin (Bailey)
  A kobold (D:12)
347 creatures vanquished.

Vanquished Creatures (others)
  A naga warrior (Snake:4)
  A naga sharpshooter (Snake:3)
  An orc sorcerer (Orc:1)
  2 orc knights
  2 nagas
  An ogre (D:10)
  A killer bee (Orc:1)
  An orc (Bailey)
  A hobgoblin (Bailey)
  5 bushes
  62 fungi
  109 plants
187 creatures vanquished.

Grand Total: 1058 creatures vanquished

Notes
Turn   | Place    | Note
-------+----------+-------------------------------------------
     0 | D:1      | Reached skill level 12 in Fighting
     0 | D:1      | Absolem the Gnoll Wanderer began the quest for the Orb.
     0 | D:1      | Absolem set off with the following items: a +2
                  | quarterstaff, a potion of lignification, a scroll of
                  | teleportation, a +0 robe
     0 | D:1      | Reached XP level 1. HP: 31/31 MP: 1/1
   322 | D:1      | Reached XP level 2. HP: 34/38 MP: 2/2
  1107 | D:2      | Reached XP level 3. HP: 23/44 MP: 3/3
  1353 | D:2      | Reached skill level 1 in Invocations
  1522 | D:2      | Noticed Natasha
  1537 | D:2      | Reached skill level 1 in Short Blades
  1537 | D:2      | Reached skill level 1 in Long Blades
  1537 | D:2      | Reached skill level 1 in Axes
  1537 | D:2      | Reached skill level 1 in Maces & Flails
  1537 | D:2      | Reached skill level 1 in Polearms
  1537 | D:2      | Reached skill level 1 in Slings
  1537 | D:2      | Reached skill level 1 in Bows
  1537 | D:2      | Reached skill level 1 in Crossbows
  1537 | D:2      | Reached skill level 1 in Throwing
  1537 | D:2      | Reached skill level 1 in Armour
  1537 | D:2      | Reached skill level 1 in Dodging
  1537 | D:2      | Reached skill level 1 in Unarmed Combat
  1537 | D:2      | Reached skill level 1 in Spellcasting
  1538 | D:2      | Reached XP level 4. HP: 45/51 MP: 5/5
  1659 | D:2      | Killed Natasha
  1660 | D:2      | Reached skill level 1 in Conjurations
  1660 | D:2      | Reached skill level 1 in Hexes
  1660 | D:2      | Reached skill level 1 in Summonings
  1660 | D:2      | Reached skill level 1 in Necromancy
  1660 | D:2      | Reached skill level 1 in Translocations
  1660 | D:2      | Reached skill level 1 in Transmutations
  1660 | D:2      | Reached skill level 1 in Fire Magic
  1660 | D:2      | Reached skill level 1 in Ice Magic
  1660 | D:2      | Reached skill level 1 in Air Magic
  1660 | D:2      | Reached skill level 1 in Earth Magic
  1660 | D:2      | Reached skill level 1 in Poison Magic
  1906 | D:2      | You fall into a shaft and drop 2 floors!
  2043 | D:4      | Reached XP level 5. HP: 57/57 MP: 6/6
  2083 | D:4      | Found Keadacofi's Magic Scroll Emporium.
  2091 | D:4      | Bought a scroll of holy word for 82 gold pieces
  2148 | D:4      | Found a sand-covered staircase.
  2151 | D:4      | You fall into a shaft and drop 3 floors!
  2315 | D:6      | Found a transporter.
  2350 | D:6      | Reached XP level 6. HP: 39/64 MP: 8/8
  2502 | D:5      | Entered Level 5 of the Dungeon
  2980 | D:5      | Found a staircase to the Ecumenical Temple.
  2990 | Temple   | Entered the Ecumenical Temple
  3112 | Temple   | Became a worshipper of Ashenzari the Shackled
  3310 | D:5      | Reached XP level 7. HP: 21/70 MP: 10/10
  4408 | D:5      | Gained mutation: Potions are less effective at restoring
                  | your health. [potion of mutation]
  4408 | D:5      | Gained mutation: Scrolls take you a little longer to read.
                  | [potion of mutation]
  4408 | D:5      | Gained mutation: You have an increased reservoir of magic.
                  | (+10% MP) [potion of mutation]
  4409 | D:5      | Lost mutation: Scrolls take you a little longer to read.
                  | [potion of mutation]
  4409 | D:5      | Lost mutation: You have an increased reservoir of magic.
                  | (+10% MP) [potion of mutation]
  4409 | D:5      | Gained mutation: Your mind is acute. (Int +2) [potion of
                  | mutation]
  4409 | D:5      | Gained mutation: You are robust. (+10% HP) [potion of
                  | mutation]
  4409 | D:5      | Gained mutation: Your spells are a little harder to cast,
                  | but a little more powerful. [potion of mutation]
  5172 | D:3      | Noticed Sigmund
  5805 | D:3      | Found a runed translucent door.
  5806 | D:3      | Noticed Crazy Yiuf
  6207 | D:2      | Found a white marble altar of Elyvilon.
  6208 | D:2      | Noticed Natasha
  6242 | D:2      | Killed Natasha
  6476 | D:2      | Noticed Natasha
  6523 | D:2      | Killed Natasha
  7190 | D:4      | Reached XP level 8. HP: 84/84 MP: 12/12
  7512 | D:4      | Found a shimmering blue altar of Sif Muna.
  7588 | D:4      | Identified Sif Muna's Papyrus of Transmigration
  7603 | D:4      | Learned a level 1 spell: Sting
  7727 | D:5      | Reached * piety under Ashenzari
  8833 | D:6      | Found a transporter.
  8839 | D:6      | Noticed DungeonDestroyer's ghost (novice GnFi)
  9285 | D:6      | Noticed Menkaure
  9682 | D:6      | Found a stormy altar of Qazlal.
  9903 | D:7      | Reached XP level 9. HP: 91/91 MP: 14/14
 10492 | D:7      | Reached ** piety under Ashenzari
 10623 | D:7      | Found a burning altar of Makhleb.
 11331 | D:6      | HP: 4/92 [poisoned by a killer bee]
 11339 | D:6      | HP: 4/92 [poisoned by a killer bee]
 11804 | D:5      | Reached skill level 5 in Staves
 11804 | D:5      | Reached skill level 5 in Shields
 11804 | D:5      | Reached skill level 5 in Evocations
 12442 | D:7      | Reached skill level 5 in Stealth
 12852 | D:8      | Learned a level 3 spell: Call Canine Familiar
 12856 | D:8      | Learned a level 3 spell: Summon Guardian Golem
 13138 | D:8      | Reached skill level 5 in Invocations
 13195 | D:8      | Found a flagged portal.
 13403 | Bailey   | Entered a bailey
 13685 | Bailey   | Learned a level 4 spell: Summon Ice Beast
 13704 | Bailey   | Noticed an orc knight
 13730 | Bailey   | Found a burning altar of Makhleb.
 13744 | Bailey   | Got the cursed ring mail of the Guild-Master {+Blink rElec
                  | MP-9 Int-4}
 13787 | Bailey   | Killed an orc knight
 14062 | D:8      | Noticed Maggie
 14752 | D:8      | Reached XP level 10. HP: 100/100 MP: 17/17
 15473 | D:8      | Killed Maggie
 15474 | D:8      | Reached skill level 5 in Short Blades
 15474 | D:8      | Reached skill level 5 in Long Blades
 15474 | D:8      | Reached skill level 5 in Axes
 15474 | D:8      | Reached skill level 5 in Maces & Flails
 15474 | D:8      | Reached skill level 5 in Polearms
 15474 | D:8      | Reached skill level 5 in Slings
 15474 | D:8      | Reached skill level 5 in Bows
 15474 | D:8      | Reached skill level 5 in Crossbows
 15474 | D:8      | Reached skill level 5 in Throwing
 15474 | D:8      | Reached skill level 5 in Armour
 15474 | D:8      | Reached skill level 5 in Dodging
 15474 | D:8      | Reached skill level 5 in Unarmed Combat
 15474 | D:8      | Reached skill level 5 in Spellcasting
 16498 | D:9      | Found a staircase to the Orcish Mines.
 16844 | D:9      | Found Ycitaad's Armour Emporium.
 18573 | D:9      | Bought a +0 helmet of intelligence for 161 gold pieces
 19033 | D:9      | Learned a level 4 spell: Summon Lightning Spire
 19115 | D:10     | Entered Level 10 of the Dungeon
 19136 | D:10     | Reached skill level 13 in Fighting
 19273 | D:10     | Noticed a death yak
 19940 | D:10     | Found an iron altar of Okawaru.
 19952 | D:10     | Noticed a two-headed ogre
 20381 | D:10     | Noticed a death yak
 20450 | D:10     | Noticed a tengu warrior
 20696 | D:10     | Noticed a death yak
 21256 | D:11     | Identified the Incunabulum of Confrontation
 21315 | D:11     | Noticed a two-headed ogre
 21328 | D:11     | Killed a two-headed ogre
 21444 | D:11     | Learned a level 3 spell: Mephitic Cloud
 21634 | D:11     | Reached XP level 11. HP: 107/107 MP: 19/19
 22199 | D:12     | Reached skill level 5 in Conjurations
 22199 | D:12     | Reached skill level 5 in Hexes
 22199 | D:12     | Reached skill level 5 in Summonings
 22199 | D:12     | Reached skill level 5 in Necromancy
 22199 | D:12     | Reached skill level 5 in Translocations
 22199 | D:12     | Reached skill level 5 in Transmutations
 22199 | D:12     | Reached skill level 5 in Fire Magic
 22199 | D:12     | Reached skill level 5 in Ice Magic
 22199 | D:12     | Reached skill level 5 in Air Magic
 22199 | D:12     | Reached skill level 5 in Earth Magic
 22199 | D:12     | Reached skill level 5 in Poison Magic
 22443 | D:12     | Noticed a white ugly thing
 22599 | D:12     | Noticed a deep elf mage
 22613 | D:12     | Killed a deep elf mage
 22688 | D:12     | Reached *** piety under Ashenzari
 22689 | D:12     | Noticed a cyclops
 22764 | D:13     | Noticed a white ugly thing
 22914 | D:10     | Found a staircase to the Lair.
 22919 | Lair:1   | Entered Level 1 of the Lair of Beasts
 23047 | Lair:1   | Noticed a five-headed hydra
 23604 | Lair:1   | Noticed a four-headed hydra
 23725 | Lair:1   | Killed a nine-headed hydra
 24204 | Lair:1   | Noticed a six-headed hydra
 24212 | Lair:1   | Killed a six-headed hydra
 24213 | Lair:1   | Reached XP level 12. HP: 58/115 MP: 22/22
 24476 | Lair:1   | Found an iron altar of Okawaru.
 25780 | Lair:2   | Noticed a catoblepas
 26946 | Lair:3   | Noticed a death yak
 26946 | Lair:3   | Noticed a death yak
 26948 | Lair:3   | Noticed a death yak
 26968 | Lair:3   | Found a staircase to the Snake Pit.
 27502 | Lair:3   | Reached **** piety under Ashenzari
 27830 | Lair:3   | Noticed a five-headed hydra
 27841 | Lair:3   | Killed a five-headed hydra
 28130 | Lair:4   | Noticed a six-headed hydra
 28147 | Lair:4   | Killed a six-headed hydra
 28707 | Lair:4   | Noticed a catoblepas
 28717 | Lair:4   | Noticed a four-headed hydra
 28813 | Lair:4   | Killed a catoblepas
 28864 | Lair:4   | Killed a five-headed hydra
 29106 | Lair:4   | Reached XP level 13. HP: 121/123 MP: 14/24
 29536 | Lair:4   | Found a staircase to the Shoals.
 29545 | Lair:4   | Reached skill level 14 in Fighting
 30475 | Lair:5   | Found a runed translucent gate.
 30476 | Lair:5   | Found a runed translucent gate.
 30497 | Lair:5   | Found a runed translucent gate.
 30497 | Lair:5   | Noticed a minotaur
 30499 | Lair:5   | Noticed lasso's ghost (journeyman GrEE)
 30621 | Lair:5   | Noticed Rupert
 30717 | Lair:5   | Killed Rupert
 31201 | Lair:5   | Noticed Urug
 31223 | Lair:5   | Killed Urug
 32137 | Lair:6   | Entered Level 6 of the Lair of Beasts
 32257 | Lair:6   | Found a runed translucent door.
 32258 | Lair:6   | Noticed lasso's ghost (journeyman DECj)
 32933 | Lair:6   | Noticed an entropy weaver
 32944 | Lair:6   | Killed an entropy weaver
 32949 | Lair:6   | Noticed an entropy weaver
 32969 | Lair:6   | Killed an entropy weaver
 33590 | Lair:6   | Reached ***** piety under Ashenzari
 33616 | Lair:6   | Found a viscous altar of Jiyva.
 33616 | Lair:6   | Found a staircase to the Slime Pits.
 33802 | Lair:6   | Reached XP level 14. HP: 124/133 MP: 3/26
 36141 | Orc:1    | Entered Level 1 of the Orcish Mines
 36296 | Orc:1    | Found a runed translucent gate.
 36298 | Orc:1    | Noticed astronautguy's ghost (journeyman GrMo)
 36299 | Orc:1    | Found a runed translucent gate.
 36299 | Orc:1    | Identified the cursed +1 double sword of Greatest Utility
                  | {vorpal, Will+}
 36300 | Orc:1    | Found a runed translucent gate.
 36310 | Orc:1    | Found a roughly hewn altar of Beogh.
 36450 | Orc:2    | Entered Level 2 of the Orcish Mines
 37035 | Orc:2    | Found a staircase to the Elven Halls.
 37339 | Orc:2    | Paralysed by an orc sorcerer for 6 turns
 37498 | Orc:2    | Reached skill level 10 in Invocations
 38059 | Orc:2    | Found Ciemp's Antique Weapon Shoppe.
 38064 | Orc:2    | Found Ucialoho's Book Shop.
 38082 | Orc:2    | Found Qaonick's Assorted Antiques.
 38084 | Orc:2    | Found Wutehovi's General Store.
 38200 | Orc:2    | Bought a book of Transfigurations for 825 gold pieces
 38212 | Orc:2    | Bought a scroll of blinking for 240 gold pieces
 38212 | Orc:2    | Bought a potion of curing for 96 gold pieces
 38214 | Orc:2    | Bought a potion of heal wounds for 65 gold pieces
 38214 | Orc:2    | Bought a scroll of teleportation for 39 gold pieces
 39221 | Orc:1    | Found a roughly hewn altar of Beogh.
 39422 | Orc:2    | Bought a book of Power for 585 gold pieces
 39449 | Orc:2    | Learned a level 6 spell: Statue Form
 39457 | Orc:2    | Learned a level 7 spell: Orb of Destruction
 39579 | Orc:1    | Killed astronautguy's ghost
 41103 | Snake:1  | Entered Level 1 of the Snake Pit
 41103 | Snake:1  | Found a transporter.
 41103 | Snake:1  | Identified the amulet "Xiacaf" {Reflect rN+ SH+5}
 41103 | Snake:1  | Found the macabre finger necklace {rN+}
 41105 | Snake:1  | Identified the ring "Welisouc" {Wiz rElec rPois}
 43239 | Snake:1  | Reached skill level 10 in Staves
 43239 | Snake:1  | Reached skill level 10 in Shields
 43239 | Snake:1  | Reached skill level 10 in Evocations
 43299 | Snake:1  | Reached skill level 10 in Stealth
 43819 | Snake:1  | Noticed a nagaraja
 43829 | Snake:1  | Killed a nagaraja
 43830 | Snake:1  | Reached XP level 15. HP: 109/139 MP: 11/28
 44938 | Snake:2  | Noticed a nagaraja
 44984 | Snake:2  | Killed a nagaraja
 45897 | Snake:2  | Noticed Aizul
 45926 | Snake:2  | Killed Aizul
 46548 | Snake:2  | Noticed a nagaraja
 46789 | Snake:2  | Reached skill level 10 in Short Blades
 46789 | Snake:2  | Reached skill level 10 in Long Blades
 46789 | Snake:2  | Reached skill level 10 in Axes
 46789 | Snake:2  | Reached skill level 10 in Maces & Flails
 46789 | Snake:2  | Reached skill level 10 in Polearms
 46789 | Snake:2  | Reached skill level 10 in Slings
 46789 | Snake:2  | Reached skill level 10 in Bows
 46789 | Snake:2  | Reached skill level 10 in Crossbows
 46789 | Snake:2  | Reached skill level 10 in Throwing
 46789 | Snake:2  | Reached skill level 10 in Armour
 46789 | Snake:2  | Reached skill level 10 in Dodging
 46789 | Snake:2  | Reached skill level 10 in Unarmed Combat
 46789 | Snake:2  | Reached skill level 10 in Spellcasting
 47222 | Snake:2  | Noticed a nagaraja
 47368 | Snake:2  | Killed a nagaraja
 47765 | Snake:2  | Reached skill level 15 in Fighting
 48974 | Snake:2  | Killed a nagaraja
 51533 | Snake:3  | Noticed a nagaraja
 51557 | Snake:3  | Killed a nagaraja
 52466 | Snake:4  | Entered Level 4 of the Snake Pit
 53036 | Snake:4  | Identified a scroll of acquirement
 53068 | Snake:4  | Acquired a book of Fire
 53656 | Snake:4  | Found Enikku's Magic Scroll Emporium.
 53668 | Snake:4  | Bought a scroll of fear for 63 gold pieces
 53668 | Snake:4  | Bought a scroll of magic mapping for 63 gold pieces
 53668 | Snake:4  | Bought a scroll of summoning for 171 gold pieces
 53681 | Snake:4  | Noticed a nagaraja
 54062 | Snake:4  | Killed a nagaraja
 54254 | Snake:4  | Reached XP level 16. HP: 74/149 MP: 24/30
 54784 | Snake:4  | Noticed a nagaraja
 55828 | Snake:4  | Killed a nagaraja
 56811 | Snake:4  | Noticed a nagaraja
 56820 | Snake:4  | Killed a nagaraja
 59602 | Snake:4  | Noticed a nagaraja
 59617 | Snake:4  | Noticed a nagaraja
 59628 | Snake:4  | Killed from afar by a nagaraja

Illustrated notes

Levels and vault maps discovered:
D:1:      lemuel_arrival_room, layout_loops_corners
D:2:      layout_rooms, lemuel_round_altar, uniq_natasha
D:3:      layout_basic, uniq_sigmund, uniq_crazy_yiuf_cottage
D:4:      layout_cave_pools, lightli_ossuary_entry_decrepit_ruins, serial_shops,
          shop_coins, led_sif_book
D:5:      layout_loops_corners, minmay_temple_entry_statues_pillars
D:6:      layout_gridville, basic_altar, gammafunk_ghost_stat_death,
          uniq_menkaure
D:7:      layout_loops_corners, minmay_misc_feat_alley, makhleb_heckhound_becter
D:8:      layout_basic, enter_bailey_7, minmay_fountain_box, uniq_maggie
D:9:      layout_cave_pools, orc_david_3
D:10:     layout_gridville, dpeg_lair_monsters, okawaru_trees_2
D:11:     layout_long_grid
D:12:     layout_irregular_city, statue_in_the_mist_lemuel
D:13:     layout_basic, gammafunk_ghost_fury_of_okawaru
Temple:   roderic_octagonal_lattice_temple
Lair:1:   beast_lair_carwin_large_2, layout_concentric_octagons, basic_altar,
          minmay_shattered_shrine
Lair:2:   layout_cave_pods, grunt_megastairs_4
Lair:3:   layout_chaotic_city, guppyfry_snake_entry_garden
Lair:4:   layout_cellular_growth, elwin_shoals_entry_stream, lookout_lair_type,
          minmay_hedge_maze, beast_lair_carwin_1
Lair:5:   layout_layer_cave, maelrawn_ghost_gauntlet_escape, serial_rivers,
          chequers_serial_rivers_small_3, chequers_serial_rivers_micro_d,
          chequers_serial_rivers_small_a, chequers_serial_rivers_micro_e,
          chequers_serial_rivers_micro_a, infiniplex_staircase_pool_2,
          uniq_urug, uniq_rupert
Lair:6:   gammafunk_lair_ancient_temple, layout_concentric_octagons,
          dpeg_slime_entry_enclosed_altar, gammafunk_ghost_grave,
          minmay_another_anthill
Snake:1:  gammafunk_its_a_trap, layout_grid_maze, grunt_megastairs_1,
          uniq_asterion
Snake:2:  nicolae_aizul_guard, layout_honeycomb, drop_trap, nicolae_snake_shapes
Snake:3:  layout_grid_maze
Snake:4:  snake_pit, layout_misc_corridors, serial_shops, nicolae_shop_stone,
          grunt_ministairs_7
Orc:1:    layout_caves, basic_altar, biasface_ghost_orc_armoury, special_room
          [special_room_bee], rock_pile
Orc:2:    st_orc_elflike, layout_caves

Skill      XL: |  1  2  3  4  5  6  7  8  9 10 11 12 13 14 15 16 |
---------------+-------------------------------------------------+-----
Fighting       | 13 14 15 | 15.4
Invocations    | 1 2 3 4 5 6 7 8 9 10 11 | 11.6
Short Blades   | 1 2 3 4 5 6 7 8 9 10 | 10.8
Long Blades    | 1 2 3 4 5 6 7 8 9 10 | 10.8
Axes           | 1 2 3 4 5 6 7 8 9 10 | 10.8
Maces & Flails | 1 2 3 4 5 6 7 8 9 10 | 10.8
Polearms       | 1 2 3 4 5 6 7 8 9 10 | 10.8
Slings         | 1 2 3 4 5 6 7 8 9 10 | 10.8
Bows           | 1 2 3 4 5 6 7 8 9 10 | 10.8
Crossbows      | 1 2 3 4 5 6 7 8 9 10 | 10.8
Throwing       | 1 2 3 4 5 6 7 8 9 10 | 10.8
Armour         | 1 2 3 4 5 6 7 8 9 10 | 10.8
Dodging        | 1 2 3 4 5 6 7 8 9 10 | 10.8
Unarmed Combat | 1 2 3 4 5 6 7 8 9 10 | 10.8
Spellcasting   | 1 2 3 4 5 6 7 8 9 10 | 10.8
Conjurations   | 1 2 3 4 5 6 7 8 9 |  9.1
Hexes          | 1 2 3 4 5 6 7 8 9 |  9.1
Summonings     | 1 2 3 4 5 6 7 8 9 |  9.1
Necromancy     | 1 2 3 4 5 6 7 8 9 |  9.1
Translocations | 1 2 3 4 5 6 7 8 9 |  9.1
Transmutations | 1 2 3 4 5 6 7 8 9 |  9.1
Fire Magic     | 1 2 3 4 5 6 7 8 9 |  9.1
Ice Magic      | 1 2 3 4 5 6 7 8 9 |  9.1
Air Magic      | 1 2 3 4 5 6 7 8 9 |  9.1
Earth Magic    | 1 2 3 4 5 6 7 8 9 |  9.1
Poison Magic   | 1 2 3 4 5 6 7 8 9 |  9.1
Staves         | 3 4 5 6 7 8 9 10 11 | 11.1
Shields        | 3 4 5 6 7 8 9 10 11 | 11.1
Evocations     | 3 4 5 6 7 8 9 10 11 | 11.1
Stealth        | 3 4 5 6 7 8 9 10 11 | 11.0

Action                   |  1- 3 |  4- 6 |  7- 9 | 10-12 | 13-15 | 16-18 || total
-------------------------+-------+-------+-------+-------+-------+-------++-------
Melee: Dagger            |    88 |   127 |   592 |   370 |       |       ||  1177
       Quarterstaff      |    10 |       |       |       |       |       ||    10
       Bite              |    13 |    23 |    86 |   123 |   114 |    17 ||   376
       Punch             |     1 |     3 |    10 |     8 |       |       ||    22
       Falchion          |       |       |    31 |   247 |       |       ||   278
       Mace              |       |       |     3 |       |       |       ||     3
       War axe           |       |       |       |   258 |   772 |   155 ||  1185
       Morningstar       |       |       |       |     7 |       |       ||     7
Throw: Dart              |       |       |    14 |    20 |       |       ||    34
 Cast: Sting             |       |       |    18 |    19 |       |       ||    37
       Summon Guardian G |       |       |     2 |    28 |    50 |     6 ||    86
       Call Canine Famil |       |       |     2 |    20 |     3 |       ||    25
       Summon Ice Beast  |       |       |     1 |    33 |   318 |    83 ||   435
       Summon Lightning  |       |       |       |    18 |   101 |    19 ||   138
       Statue Form       |       |       |       |       |     8 |     1 ||     9
       Orb of Destructio |       |       |       |       |       |     1 ||     1
Invok: Curse Item        |       |       |       |     1 |     2 |       ||     3
Evoke: Wand              |       |       |       |     2 |     2 |     1 ||     5
  Use: Potion            |       |       |     4 |     5 |     2 |       ||    11
       Scroll            |       |       |    10 |    11 |     6 |     1 ||    28
 Stab: Sleeping          |     3 |     2 |    11 |    20 |     9 |       ||    45
       Distracted        |       |       |     1 |     6 |    15 |     4 ||    26
Armor: Robe              |    12 |    13 |    52 |     1 |       |       ||    78
       Steam dragon scal |       |       |       |   220 |   147 |    41 ||   408
       Skin              |       |       |       |       |    16 |     2 ||    18
Dodge: Dodged            |    62 |    67 |   346 |   655 |   528 |   114 ||  1772
Block: Buckler           |       |       |       |   164 |    15 |       ||   179
       Kite shield       |       |       |       |       |   581 |   129 ||   710
       Rpst.: Falchion   |       |       |     7 |    50 |       |       ||    57
